 Dungeon Crawl Stone Soup version 0.32-a0-329-ge6c31236d6 (webtiles) character file.

Game seed: 12730704222958173072

4 Bravepunisher the Ducker (level 1, -6/11 HPs)
             Began as a Spriggan Monk on Feb 16, 2024.
             Mangled by an ogre
             ... wielding a +0 giant club
              (17 damage)
             ... on level 5 of the Dungeon.
             The game lasted 00:01:26 (344 turns).

Bravepunisher the Ducker (Spriggan Monk)             Turns: 344, Time: 00:01:26

Health: -6/11      AC:  2    Str:  7    XL:     1   Next: 50%
Magic:  2/2        EV: 19    Int: 11    God:
Gold:   7          SH:  0    Dex: 17    Spells: 0/0 levels left

rFire   . . .        a - +0 short sword
rCold   . . .        (no shield)
rNeg    . . .        b - +0 robe
rPois   .            (helmet restricted)
rElec   .            (no cloak)
rCorr   .            (gloves unavailable)
SInv    +            (boots unavailable)
Will    .....        (no amulet)
Stlth   ++           (no ring)
HPRegen 0.21/turn    (no ring)
MPRegen 0.08/turn

%: no passive effects
@: very quick
A: very small, no large weapons, unfitting armour, see invisible, speed 3
a: no special abilities


You were on level 5 of the Dungeon.
You visited 1 branch of the dungeon, and saw 5 of its levels.

You collected 7 gold pieces.

Inventory:

Hand Weapons
 a - a +0 short sword (weapon)
Armour
 b - a +0 robe (worn)
Scrolls
 d - a scroll of fear {unknown}
 e - a scroll of teleportation {unknown}
Potions
 c - a potion of ambrosia


   Skills:
 + Level 2.5 Fighting
 - Level 3.2 Short Blades
 * Level 4.2 Dodging


You couldn't memorise any spells.
You didn't know any spells.
Your spell library was empty.

Dungeon Overview and Level Annotations

Branches:
Dungeon (5/15)
 Temple: D:4-7

Altars:
Yredelemnul


Innate Abilities, Weirdness & Mutations

You are very small and have problems with some larger weapons.
You are too small for most types of armour.
You have supernaturally acute eyesight. (SInv)
You cover ground extremely quickly. (Speed+++)


Message History

The ball python constricts you.
You hit the ball python but do no damage.
The ball python is moderately wounded.
The ball python closely misses you. The ball python constricts you.
The orc hits you with a +0 hand axe.
The orc priest shouts, "Beogh offers mercy even to people such as you.
Join us and be reborn!" (press Y on the ability menu to convert to Beogh)
You hit the ball python.
You kill the ball python!
The orc closely misses you.
Unknown command.
You see here a +0 leather armour.
Found 15 gold pieces.
A ribbon worm comes into view.
Found a scroll labelled REPHIK SABORISS.
An orc comes into view. It is wielding a +0 hand axe.
Found a stone staircase leading up.
You see here a scroll labelled REPHIK SABORISS. 2 orcs come into view.
The orc shouts!
An orc comes into view. It is wielding a +0 short sword.
The orc shouts!
Found 17 gold pieces.
Found a scroll labelled OSUGAEH POQEOS and 6 gold pieces.
Found a stone staircase leading down.
Found 6 gold pieces.
A kobold comes into view.
It is wielding a +0 club and quivering poisoned darts.
The kobold shouts!
You see here 17 gold pieces.
There is a stone staircase leading down here.
You climb downwards.
You hear the sound of rushing water.
There is an entrance to a sewer on this level.
Hurry and find it before the portal rusts away!
Found 9 gold pieces.
There is a stone staircase leading up here.
An ogre comes into view. It is wielding a +0 giant club.
The ogre shouts!
The ogre hits you with a +0 giant club!
Ouch! That really hurt!
You die...

#....#..#####
...####......##
.# ###........#
##..........#
#...........##
#............#
##...........#
##..........#
#...@O.....#
#..##.......#
#.. ###.....#
#####.# ##


You could see an ogre.

Vanquished Creatures
  A ball python (D:4)
  A kobold (D:1)
  A rat (D:2)
3 creatures vanquished.

Notes
Turn   | Place    | Note
-------+----------+-------------------------------------------
     0 | D:1      | Bravepunisher the Spriggan Monk began the quest for the
                  | Orb.
     0 | D:1      | Reached XP level 1. HP: 11/11 MP: 2/2
   202 | D:3      | Found a basalt altar of Yredelemnul.
   250 | D:4      | Noticed an orc priest
   314 | D:5      | Entered Level 5 of the Dungeon
   334 | D:5      | Noticed an ogre
   344 | D:5      | Mangled by an ogre

Illustrated notes

Levels and vault maps discovered:
D:1:      onia_arrival_pyramid, layout_loops_ring
D:2:      layout_loops_cross, corexii_shack, chequers_serial_rivers_small_b,
          nicolae_eternal_life, eino_tiny_chamber
D:3:      layout_rooms, cheibrodos_worm_habitat, nicolae_overflow_crystal_walls,
          serial_rivers, chequers_serial_rivers_marsh,
          chequers_serial_rivers_small_b, chequers_serial_rivers_micro_c,
          chequers_serial_rivers_room_b, chequers_serial_rivers_small_3,
          uniq_ijyb
D:4:      layout_loops_ring, lemuel_zombie_altar_kikubaaqudgha,
          eat_drink_and_be_merry_uskayaw, minmay_temple_entry_glassed_door,
          serial_shops, kennysheep_mini
D:5:      minmay_general_purpose_star, layout_cave_pods, xom_redecorated,
          cheibrodos_sewer_entry_bend, minmay_liquid_box

Action                     || total
---------------------------++-------
  Melee: Short sword       ||    21
 Armour: Robe              ||    10
  Dodge: Dodged            ||    18

Table legend: (Time is in decaauts)
 A = Elapsed time spent in this place.
 B = Non-inter-level travel time spent in this place.
 C = Inter-level travel time spent in this place.
 D = Time resting spent in this place.
 E = Time spent auto-exploring this place.
 F = Levels seen in this place.
 G = Mean time per level.
                   A        B        C        D        E       F      G
               +--------+--------+--------+--------+--------+-----+--------+
         Total |    234 |    234 |      0 |      0 |     76 |   5 |   46.8 |
       Dungeon |    234 |    234 |      0 |      0 |     76 |   5 |   46.8 |
               +--------+--------+--------+--------+--------+-----+--------+

Top non-repeatable levels by time:
     D:1: 98 daAuts
     D:2: 45 daAuts
     D:4: 43 daAuts
     D:3: 29 daAuts
     D:5: 18 daAuts
